 Dungeon Crawl Stone Soup version 0.28.0 (webtiles) character file.

Game seed: 17530220708656564223

511 lonewolfV2 the Chopper (level 7, 0/54 HPs)
             Began as a Hill Orc Fighter on Feb 14, 2022.
             Slain by an orc priest (4 damage)
             ... on level 4 of the Dungeon on Feb 15, 2022.
             The game lasted 00:08:55 (3680 turns).

lonewolfV2 the Chopper (Hill Orc Fighter)           Turns: 3680, Time: 00:08:57

Health: 0/54       AC:  4    Str: 19    XL:     7   Next: 19%
Magic:  7/7        EV: 13    Int:  8    God:
Gold:   101        SH:  9    Dex: 10    Spells: 6/6 levels left

rFire   . . .      SeeInvis +   a - +1 war axe
rCold   . . .      Faith    .   c - +0 buckler
rNeg    . . .      Spirit   .   b - +0 scale mail
rPois   .          Reflect  +   (no helmet)
rElec   .          Harm     .   (no cloak)
rCorr   .          Rampage  .   (no gloves)
Will    .....                   (no boots)
Stlth   ..........              h - amulet of reflection
HPRegen 0.18/turn               j - ring of see invisible
MPRegen 0.10/turn               l - +4 ring of evasion

@: mighty
A: deformed body, frail 1, weak 1
a: Convert to Beogh


You were on level 4 of the Dungeon.
You visited 1 branch of the dungeon, and saw 4 of its levels.

You collected 129 gold pieces.
You spent 28 gold pieces at shops.

Inventory:

Hand Weapons
 a - a +1 war axe (weapon)
Armour
 b - a +0 scale mail (worn)
 c - a +0 buckler (worn)
Jewellery
 h - an amulet of reflection (around neck)
 j - a ring of see invisible (left hand)
 l - a +4 ring of evasion (right hand)
Wands
 g - a wand of polymorph (11)
 n - a wand of mindburst (14)
Scrolls
 e - 3 scrolls of teleportation
 i - 3 scrolls of noise
 k - a scroll of magic mapping
 o - a scroll of enchant armour {unknown}
Potions
 m - a potion of flight


   Skills:
 + Level 4.5 Fighting
 + Level 6.9 Axes
 + Level 4.8 Armour
 + Level 1.2 Dodging
 + Level 0.2 Stealth
 + Level 4.5 Shields
 + Level 0.4 Evocations


You had 6 spell levels left.
You didn't know any spells.
Your spell library was empty.

Dungeon Overview and Level Annotations

Branches:
Dungeon (4/15)
 Temple: D:4-7

Altars:
Yredelemnul

Shops:
D:1 ?[=(


Innate Abilities, Weirdness & Mutations

Armour fits poorly on your strangely shaped body.
You are frail. (-10% HP)
You are weak. (Str -2)


Message History

The orc priest threatens, "By the altar or by the axe, you will meet Beogh!"
The orc priest closely misses you. The orc closely misses you.
The orc priest hits you with a +0 hand axe.
You block the orc's attack.
The orc priest hits you with a +0 hand axe.
You barely miss the orc priest.
The orc priest is lightly wounded.
You hit the orc.
You kill the orc!
You barely miss the orc priest.
The orc hits you from afar with a +0 trident!
* * * LOW HITPOINT WARNING * * *
You block the orc priest's attack. x2
You feel better. You block the orc's attack.
The orc priest hits you with a +0 hand axe.
* * * LOW HITPOINT WARNING * * *
You block the orc priest's attack.
You hit the orc priest but do no damage.
The orc priest is lightly wounded.
The orc priest shouts, "Surrender to Beogh and we'll let you live!"
You hit the orc priest.
The orc priest shouts, "Join the one true god or die!"
The orc hits you from afar with a +0 trident.
* * * LOW HITPOINT WARNING * * *
The orc priest looks encouraged for a moment.
The orc priest hits you but does no damage.
The orc barely misses you. You block the orc priest's attack.
You feel very mighty all of a sudden. The orc priest closely misses you.
The orc hits you from afar with a +0 trident.
* * * LOW HITPOINT WARNING * * *
The orc priest calls upon Beogh to heal the orc priest.
The orc priest is healed somewhat.
You hit the orc priest but do no damage.
The orc priest shouts, "Surrender to Beogh and we'll let you live!"
The orc priest is lightly wounded.
You hit the orc priest.
The orc priest shouts, "Surrender to Beogh and we'll let you live!"
The orc priest hits you with a +0 hand axe.
You die...

...#.....†##....
...#............!...##.
..#.#...............#...
.#.#.#.................$
#.#.#.#.............#...
.##.##.#................
###.###.#.........o#...#
# #.# ##.#......o.......
#.# ##.#.....@o..# #.#
##.#..$.).$.#
....................#
....................#
....................#
..##########.#.....# .
#.#.....# #########


You could see 2 orc priests and an orc.

Vanquished Creatures
  A neqoxec (D:3)
  A phantom (D:4)
  A water moccasin skeleton (D:4)
  A hound (D:4)
  2 jellies (D:2)
  Robin (D:3)
  5 adders
  An adder skeleton (D:4)
  2 worms
  2 dart slugs
  4 orcs
  6 bats
  11 endoplasms
  3 giant cockroaches
  14 goblins
  8 hobgoblins
  3 jackals (D:4)
  4 quokkas
  3 ball pythons
  4 frilled lizards
  10 kobolds
  9 rats
96 creatures vanquished.

Vanquished Creatures (others)
  5 fungi (D:2)
  8 toadstools (D:2)
13 creatures vanquished.

Grand Total: 109 creatures vanquished

Notes
Turn   | Place    | Note
-------+----------+-------------------------------------------
     0 | D:1      | lonewolfV2 the Hill Orc Fighter began the quest for the
                  | Orb.
     0 | D:1      | Reached XP level 1. HP: 19/19 MP: 1/1
     1 | D:1      | Found Ompif's Weapon Boutique.
   118 | D:1      | Found Zyzeef's Antique Armour Shop.
   124 | D:1      | Found Ibbaviam's Jewellery Emporium.
   196 | D:1      | Found Epavid's Magic Scroll Shop.
   218 | D:1      | Bought a scroll of identify for 28 gold pieces
   462 | D:1      | Reached XP level 2. HP: 20/27 MP: 2/2
   599 | D:1      | Reached skill level 3 in Axes
  1071 | D:2      | Found a basalt altar of Yredelemnul.
  1195 | D:2      | Reached XP level 3. HP: 31/33 MP: 3/3
  1727 | D:2      | Reached skill level 4 in Axes
  1742 | D:2      | Reached XP level 4. HP: 29/40 MP: 4/4
  1774 | D:2      | Reached XP level 5. HP: 14/46 MP: 5/5
  2409 | D:2      | Reached skill level 5 in Axes
  2690 | D:3      | Noticed Grinder
  2702 | D:3      | Noticed Grinder
  2702 | D:3      | Grinder changed into Grinder the neqoxec
  2704 | D:3      | Gained mutation: You have hidden genetic defects. [Grinder]
  2707 | D:3      | Gained mutation: You are weak. (Str -2) [Grinder]
  2712 | D:3      | Killed Grinder the neqoxec
  2713 | D:3      | Reached skill level 6 in Axes
  2713 | D:3      | Reached skill level 1 in Dodging
  2713 | D:3      | Reached XP level 6. HP: 51/52 MP: 6/6
  2722 | D:3      | Gained mutation: Armour fits poorly on your strangely
                  | shaped body. [hidden defects]
  2857 | D:3      | Noticed Robin
  2886 | D:3      | Killed Robin
  3407 | D:4      | Gained mutation: You are frail. (-10% HP) [hidden defects]
  3407 | D:4      | Lost mutation: You have hidden genetic defects. [hidden
                  | defects expressed]
  3507 | D:4      | Reached XP level 7. HP: 38/54 MP: 7/7
  3680 | D:4      | Slain by an orc priest

Illustrated notes

Levels and vault maps discovered:
D:1:      dpeg_arrival_tiny_i, layout_loops_corners, serial_shops,
          shop_fountains, nicolae_diamond_shop, nicolae_square_shop, shop_statue
D:2:      cheibrodos_fertilizer, layout_basic, basic_altar, minmay_3d_cube
D:3:      layout_rooms, uniq_robin, uniq_grinder
D:4:      wad_pebble_path, layout_rooms

Skill      XL: |  1  2  3  4  5 |
---------------+----------------+-----
Axes           | 3 4 6 |  6.9
Fighting       | 4 |  4.5
Armour         | 4 |  4.8
Dodging        | 1 |  1.2
Shields        | 4 |  4.5
Stealth        | |  0.2
Evocations     | |  0.4

Action                   |  1- 3 |  4- 6 |  7- 9 || total
-------------------------+-------+-------+-------++-------
Melee: War axe           |    89 |   123 |    21 ||   233
Evoke: Wand              |       |     5 |       ||     5
  Use: Scroll            |     8 |     2 |       ||    10
       Potion            |       |     1 |     2 ||     3
Armor: Scale mail        |    52 |    40 |     3 ||    95
       Skin              |       |     6 |       ||     6
Dodge: Dodged            |    45 |    36 |    18 ||    99
Block: Buckler           |    34 |    88 |    17 ||   139
       Reflection        |     3 |     6 |     1 ||    10
